HSSL
HUNTSVILLE HS WASPS @ BUCHANAN HS
05/08/2029
 
TOP OF THE 1ST
Huntsville HS Wasps batting - Pitching for Buchanan HS : RHP Carl Cunningham
Pitching: RHP Carl Cunningham
Batting: RHB Esteban Garza 0-0: Called Strike
0-1: Called Strike
0-2: Strikes out swinging
Batting: RHB Jim Mak 0-0: Ball
1-0: Ball
2-0: Swinging Strike
2-1: Ball
3-1: Base on Balls
Pitching: RHP Rusty Silva
Batting: RHB Pete Rudder 0-0: Called Strike
0-1: Called Strike
0-2: Ball
1-2: Foul Ball, location: 2F
1-2: Ball
Jim Mak is caught stealing 2nd base
2-2: Foul Ball, location: 2F
2-2: Ball
3-2: Foul Ball, location: 2F
3-2: Foul Ball, location: 2F
3-2: Base on Balls
Batting: RHB John O'Savage 0-0: Ball
1-0: Swinging Strike
1-1: Ball
2-1: Fly out, F3 (Popup, 23F)
Top of the 1st over - 0 runs, 0 hits, 0 errors, 1 left on base; Huntsville HS 0 - Buchanan HS 0
BOTTOM OF THE 1ST
Buchanan HS batting - Pitching for Huntsville HS Wasps : RHP Gonzalo Torres
Pitching: RHP Gonzalo Torres
Batting: SHB Chad MacGregor 0-0: Ball
1-0: Foul Ball, location: 2F
1-1: Ground out 4-3 (Groundball, 4D)
Batting: LHB Franklin Jackson 0-0: Swinging Strike
0-1: Ball
1-1: Fly out, F7 (Flyball, 78S)
Batting: RHB Anthony Moore 0-0: Called Strike
0-1: Foul Ball, location: 2F
0-2: Ground out 5-3 (Groundball, 56)
Bottom of the 1st over - 0 runs, 0 hits, 0 errors, 0 left on base; Huntsville HS 0 - Buchanan HS 0
TOP OF THE 2ND
Huntsville HS Wasps batting - Pitching for Buchanan HS : RHP Rusty Silva
Batting: RHB Travis Baker 0-0: Called Strike
0-1: Foul Ball, location: 2F
0-2: Foul Ball, location: 2F
0-2: Strikes out swinging
Batting: RHB Mike Kennedy 0-0: TRIPLE (Flyball, 89XD)
Batting: SHB Al Swanson 0-0: Foul Ball, location: 2F
0-1: Reached on error, E4 (Groundball, 4M)
Mike Kennedy scores
Batting: RHB Jorge Cortéz 0-0: Called Strike
0-1: Ball
1-1: Swinging Strike
1-2: Strikes out swinging
Batting: RHB Dave Stroud 0-0: Ball
1-0: Fly out, F9 (Flyball, 9D)
Top of the 2nd over - 1 run, 1 hit, 1 error, 1 left on base; Huntsville HS 1 - Buchanan HS 0
BOTTOM OF THE 2ND
Buchanan HS batting - Pitching for Huntsville HS Wasps : RHP Gonzalo Torres
Batting: LHB Edgar Cameron 0-0: SINGLE (Line Drive, 8LS)
Batting: RHB William Pérez 0-0: Fly out, F8 (Flyball, 8RS)
Batting: LHB David Guillén 0-0: Called Strike
0-1: Swinging Strike
0-2: Ball
1-2: Ball
2-2: Ball
3-2: Grounds into double play, 4-6-3 (Groundball, 4)
Bottom of the 2nd over - 0 runs, 1 hit, 0 errors, 0 left on base; Huntsville HS 1 - Buchanan HS 0
TOP OF THE 3RD
Huntsville HS Wasps batting - Pitching for Buchanan HS : RHP Rusty Silva
Batting: RHB Esteban Garza 0-0: Ball
1-0: Swinging Strike
1-1: DOUBLE (Line Drive, 7D)
Batting: RHB Jim Mak 0-0: Ball
1-0: Swinging Strike
1-1: Ball
2-1: Called Strike
2-2: Strikes out swinging
Batting: RHB Pete Rudder 0-0: Called Strike
0-1: SINGLE (Groundball, 6MD)
Esteban Garza to third
Runner from 3rd tries for Home, SAFE, throw made home
Batting: RHB John O'Savage 0-0: SINGLE (Groundball, 6MD)
Pete Rudder to second
Runner from 2nd tries for 3rd, SAFE, no throw
Batting: RHB Travis Baker 0-0: Called Strike
0-1: Foul Ball, location: 2F
0-2: Ball
1-2: Ball
2-2: Ball
3-2: Fly out, F9 (Flyball, 9LM)
Runner from 3rd tags up, SCORES, throw made
Batting: RHB Mike Kennedy 0-0: Ball
1-0: Ground out 3-1 (Groundball, 34S)
Top of the 3rd over - 2 runs, 3 hits, 0 errors, 1 left on base; Huntsville HS 3 - Buchanan HS 0
BOTTOM OF THE 3RD
Buchanan HS batting - Pitching for Huntsville HS Wasps : RHP Gonzalo Torres
Batting: RHB Tom Ross 0-0: Ball
1-0: Foul Ball, location: 2F
1-1: Swinging Strike
1-2: Foul Ball, location: 2F
1-2: Foul Ball, location: 2F
1-2: Strikes out swinging
Batting: LHB José Martínez 0-0: Ground out 4-3 (Groundball, 34)
Batting: RHB Len Valadez 0-0: Ball
1-0: Called Strike
1-1: Ball
2-1: Swinging Strike
2-2: Ball
3-2: Foul Ball, location: 2F
3-2: Foul Ball, location: 2F
3-2: Base on Balls
Batting: SHB Chad MacGregor 0-0: Ball
1-0: Called Strike
Len Valadez is caught stealing 2nd base
Bottom of the 3rd over - 0 runs, 0 hits, 0 errors, 0 left on base; Huntsville HS 3 - Buchanan HS 0
TOP OF THE 4TH
Huntsville HS Wasps batting - Pitching for Buchanan HS : RHP Rusty Silva
Batting: SHB Al Swanson 0-0: Ball
1-0: Swinging Strike
1-1: SINGLE (Groundball, 34D)
Batting: RHB Jorge Cortéz 0-0: Ball
1-0: SINGLE (Groundball, 56D)
Al Swanson to second
Batting: RHB Dave Stroud 0-0: Ball
1-0: Ball
Wild Pitch!
Al Swanson to third
Jorge Cortéz to second
2-0: Called Strike
2-1: Fly out, F5 (Line Drive, 56)
Batting: RHB Esteban Garza 0-0: Foul Ball, location: 2F
0-1: Ball
1-1: Ball
2-1: Foul Ball, location: 2F
2-2: Strikes out swinging
Batting: RHB Jim Mak 0-0: Ball
1-0: Ball
2-0: Foul Ball, location: 2F
2-1: Ball
3-1: Hit by Pitch
Pitching: RHP Andy Russell
Batting: RHB Pete Rudder 0-0: Ball
Wild Pitch!
Al Swanson scores
Jorge Cortéz to third
Jim Mak to second
1-0: Foul Ball, location: 2F
1-1: Ball
2-1: Foul Ball, location: 2F
2-2: Strikes out swinging
Top of the 4th over - 1 run, 2 hits, 0 errors, 2 left on base; Huntsville HS 4 - Buchanan HS 0
BOTTOM OF THE 4TH
Buchanan HS batting - Pitching for Huntsville HS Wasps : RHP Gonzalo Torres
Batting: SHB Chad MacGregor 0-0: Ball
1-0: Ball
2-0: Ball
3-0: Base on Balls
Batting: LHB Franklin Jackson 0-0: Grounds into double play, 5-4-3 (Groundball, 56)
Batting: RHB Anthony Moore 0-0: Ball
1-0: Ball
2-0: Ball
3-0: Base on Balls
Batting: LHB Edgar Cameron 0-0: Foul Ball, location: 2F
0-1: Foul Ball, location: 2F
0-2: Ball
1-2: SINGLE (Flyball, 7LM)
Anthony Moore to second
Batting: RHB William Pérez 0-0: Ball
1-0: Swinging Strike
1-1: Ball
2-1: Foul Ball, location: 2F
2-2: Ball
3-2: Base on Balls
Anthony Moore to third
Edgar Cameron to second
Batting: LHB David Guillén 0-0: Called Strike
0-1: Ball
1-1: Ball
2-1: Fly out, F8 (Flyball, 8LS)
Bottom of the 4th over - 0 runs, 1 hit, 0 errors, 3 left on base; Huntsville HS 4 - Buchanan HS 0
TOP OF THE 5TH
Huntsville HS Wasps batting - Pitching for Buchanan HS : RHP Andy Russell
Batting: RHB John O'Savage 0-0: Swinging Strike
0-1: Swinging Strike
0-2: Ball
1-2: Strikes out looking
Batting: RHB Travis Baker 0-0: Ball
1-0: Called Strike
1-1: Foul Ball, location: 2F
1-2: Foul Ball, location: 2F
1-2: Strikes out swinging
Batting: RHB Mike Kennedy 0-0: Foul Ball, location: 2F
0-1: Called Strike
0-2: Ball
1-2: Strikes out looking
Top of the 5th over - 0 runs, 0 hits, 0 errors, 0 left on base; Huntsville HS 4 - Buchanan HS 0
BOTTOM OF THE 5TH
Buchanan HS batting - Pitching for Huntsville HS Wasps : RHP Gonzalo Torres
Batting: RHB Tom Ross 0-0: Foul Ball, location: 2F
0-1: Swinging Strike
0-2: SOLO HOME RUN (Flyball, 7D), Distance : 373 ft
Batting: LHB José Martínez 0-0: Ball
1-0: Ball
2-0: Ball
3-0: Base on Balls
Batting: RHB Len Valadez 0-0: Ball
1-0: Ball
2-0: Ball
3-0: Called Strike
3-1: Called Strike
3-2: Foul Ball, location: 2F
3-2: Base on Balls
José Martínez to second
Batting: SHB Chad MacGregor 0-0: Called Strike
0-1: Ball
1-1: Called Strike
1-2: Fly out, F9 (Line Drive, 9D)
Runner from 2nd tags up, SAFE at 3rd, no throw
Batting: LHB Franklin Jackson 0-0: Called Strike
0-1: Ball
1-1: Foul Ball, location: 2F
1-2: Strikes out swinging
Batting: RHB Anthony Moore 0-0: Fly out, F5 (Popup, 6S)
Bottom of the 5th over - 1 run, 1 hit, 0 errors, 2 left on base; Huntsville HS 4 - Buchanan HS 1
TOP OF THE 6TH
Huntsville HS Wasps batting - Pitching for Buchanan HS : RHP Andy Russell
Batting: SHB Al Swanson 0-0: Ball
1-0: Foul Ball, location: 2F
1-1: Ball
2-1: SINGLE (Flyball, 7LS)
Batting: RHB Jorge Cortéz 0-0: Ball
1-0: Foul Ball, location: 2F
1-1: Ball
2-1: Called Strike
2-2: Ball
3-2: Grounds into double play, 4-6-3 (Groundball, 4)
Batting: RHB Dave Stroud 0-0: Ball
1-0: Called Strike
1-1: Foul Ball, location: 2F
1-2: Foul Ball, location: 2F
1-2: Ball
2-2: Ball
3-2: Foul Ball, location: 2F
3-2: Strikes out swinging
Top of the 6th over - 0 runs, 1 hit, 0 errors, 0 left on base; Huntsville HS 4 - Buchanan HS 1
BOTTOM OF THE 6TH
Buchanan HS batting - Pitching for Huntsville HS Wasps : RHP Gonzalo Torres
Pitching: RHP Mario Ramos
Batting: LHB Edgar Cameron 0-0: Called Strike
0-1: SINGLE (Flyball, 56D)
Batting: RHB William Pérez 0-0: Called Strike
0-1: SINGLE (Line Drive, 7S)
Edgar Cameron to second
Batting: LHB David Guillén 0-0: Foul Ball, location: 2F
0-1: Ball
1-1: Foul Ball, location: 2F
1-2: Ball
2-2: Strikes out swinging
Batting: RHB Tom Ross 0-0: Ball
1-0: Called Strike
1-1: Grounds into double play, 4-6-3 (Groundball, 4)
Bottom of the 6th over - 0 runs, 2 hits, 0 errors, 1 left on base; Huntsville HS 4 - Buchanan HS 1
TOP OF THE 7TH
Huntsville HS Wasps batting - Pitching for Buchanan HS : RHP Andy Russell
Batting: RHB Esteban Garza 0-0: Foul Ball, location: 2F
0-1: Called Strike
0-2: Ball
1-2: Strikes out swinging
Batting: RHB Jim Mak 0-0: Ball
1-0: Called Strike
1-1: Ball
2-1: Fly out, F3 (Popup, 3F)
Batting: RHB Pete Rudder 0-0: Swinging Strike
0-1: Foul Ball, location: 2F
0-2: Ball
1-2: Foul Ball, location: 2F
1-2: Ball
2-2: Strikes out swinging
Top of the 7th over - 0 runs, 0 hits, 0 errors, 0 left on base; Huntsville HS 4 - Buchanan HS 1
BOTTOM OF THE 7TH
Buchanan HS batting - Pitching for Huntsville HS Wasps : RHP Mario Ramos
Batting: LHB José Martínez 0-0: Ball
1-0: Ball
2-0: Ball
3-0: Base on Balls
Batting: RHB Len Valadez 0-0: Ball
1-0: Called Strike
1-1: Grounds into double play, 4-6-3 (Groundball, 4M)
Batting: SHB Chad MacGregor 0-0: Swinging Strike
0-1: Swinging Strike
0-2: Ball
1-2: Foul Ball, location: 2F
1-2: Fly out, F9 (Flyball, 9LSF)
Bottom of the 7th over - 0 runs, 0 hits, 0 errors, 0 left on base; Huntsville HS 4 - Buchanan HS 1
TOP OF THE 8TH
Huntsville HS Wasps batting - Pitching for Buchanan HS : RHP Andy Russell
Pitching: RHP Norm Hinton
Batting: RHB John O'Savage 0-0: Called Strike
0-1: Ball
1-1: Fly out, F9 (Flyball, 89M)
Batting: RHB Travis Baker 0-0: Called Strike
0-1: Foul Ball, location: 2F
0-2: Strikes out swinging
Batting: RHB Mike Kennedy 0-0: Ball
1-0: Ball
2-0: Ball
3-0: Called Strike
3-1: Foul Ball, location: 2F
3-2: Fly out, F4 (Popup, 4)
Top of the 8th over - 0 runs, 0 hits, 0 errors, 0 left on base; Huntsville HS 4 - Buchanan HS 1
BOTTOM OF THE 8TH
Buchanan HS batting - Pitching for Huntsville HS Wasps : RHP Mario Ramos
Batting: LHB Franklin Jackson 0-0: Called Strike
0-1: Foul Ball, location: 2F
0-2: Ball
1-2: Ball
2-2: Foul Ball, location: 2F
2-2: Ball
3-2: Base on Balls
Batting: RHB Anthony Moore 0-0: Ball
1-0: Foul Ball, location: 2F
1-1: Foul Ball, location: 2F
1-2: Ball
2-2: Grounds into double play, 5-4-3 (Groundball, 5)
Batting: LHB Edgar Cameron 0-0: SINGLE (Line Drive, 34)
Batting: RHB William Pérez 0-0: Called Strike
0-1: Swinging Strike
0-2: Foul Ball, location: 2F
0-2: Ball
1-2: Strikes out looking
Bottom of the 8th over - 0 runs, 1 hit, 0 errors, 1 left on base; Huntsville HS 4 - Buchanan HS 1
TOP OF THE 9TH
Huntsville HS Wasps batting - Pitching for Buchanan HS : RHP Norm Hinton
Batting: SHB Al Swanson 0-0: Called Strike
0-1: Fly out, F9 (Line Drive, 9)
Batting: RHB Jorge Cortéz 0-0: Ball
1-0: Swinging Strike
1-1: Ball
2-1: Ball
3-1: Base on Balls
Batting: RHB Dave Stroud 0-0: Ball
1-0: Called Strike
1-1: Ball
2-1: Foul Ball, location: 2F
2-2: SINGLE (Groundball, 3D)
Jorge Cortéz to second
Runner from 2nd tries for 3rd, SAFE, throw made to third
Batting: RHB Esteban Garza 0-0: Hit by Pitch
Dave Stroud to second
Batting: RHB Jim Mak 0-0: Ball
1-0: Ball
2-0: GRAND SLAM HOME RUN (Flyball, 9LD), Distance : 363 ft
Batting: RHB Pete Rudder 0-0: Called Strike
0-1: Called Strike
0-2: Ball
1-2: Ball
2-2: Foul Ball, location: 2F
2-2: Ball
3-2: Foul Ball, location: 2F
3-2: Foul Ball, location: 2F
3-2: Base on Balls
Batting: RHB John O'Savage 0-0: Foul Ball, location: 2F
0-1: Swinging Strike
0-2: Ball
1-2: Ball
2-2: Strikes out looking
Batting: RHB Travis Baker 0-0: Ground out U3 (Groundball, 3)
Top of the 9th over - 4 runs, 2 hits, 0 errors, 1 left on base; Huntsville HS 8 - Buchanan HS 1
BOTTOM OF THE 9TH
Buchanan HS batting - Pitching for Huntsville HS Wasps : RHP Mario Ramos
Batting: LHB David Guillén 0-0: Foul Ball, location: 2F
0-1: Foul Ball, location: 2F
0-2: Ball
1-2: Ball
2-2: Ball
3-2: Base on Balls
Batting: RHB Tom Ross 0-0: Called Strike
0-1: Ball
1-1: Swinging Strike
1-2: Foul Ball, location: 2F
1-2: DOUBLE (Line Drive, 78D)
David Guillén to third
Batting: LHB José Martínez 0-0: Called Strike
0-1: Ball
1-1: Called Strike
1-2: Foul Ball, location: 2F
1-2: SINGLE (Line Drive, 89S)
David Guillén scores
Tom Ross to third
Batting: RHB Len Valadez 0-0: Ball
1-0: SINGLE (Line Drive, 4MD)
Tom Ross scores
José Martínez to second
Pitching: RHP Cisco Morán
Batting: SHB Chad MacGregor 0-0: Swinging Strike
0-1: Foul Ball, location: 2F
0-2: Ball
1-2: Ball
2-2: Ball
3-2: Foul Ball, location: 2F
3-2: Strikes out swinging
José Martínez is caught stealing 3rd base
Batter strikes out.
Len Valadez to second
Batting: LHB Franklin Jackson 0-0: Called Strike
0-1: Swinging Strike
0-2: Ball
1-2: Fly out, F9 (Flyball, 9S)
Bottom of the 9th over - 2 runs, 3 hits, 0 errors, 1 left on base; Huntsville HS 8 - Buchanan HS 3
Saturday, December 16th, 2017 - OOTP Baseball 18.8 Build 76